Map: King's Cove LE

Players

Ryosis - Winner!

  • Race: Zerg Zerg
  • Spawn Location: 11:00

CmeTanKa

  • Race: Terran Terran
  • Spawn Location: 5:00

Event: 2019 WCS Spring

VOD

Have the link to the VOD?

Description

Time

  • Played on: May 17, 2019, 7:31 a.m.
  • Length: 11:16

All games in this series

Show
View Real Time Build Order
Export as new Build Order

Ryosis Zerg - Winner!

Build Orders: Hatch First 

Get SALT Encoding   

  12  0:00  Drone  
  13  0:12  Overlord  
  13  0:18  Drone  
  14  0:31  Drone x2  
  16  0:49  Hatchery  
  15  0:52  Drone  
  15  0:56  Drone  
  17  0:59  Drone  
  18  1:10  Extractor  
  17  1:14  Spawning Pool  
  17  1:18  Drone  
  17  1:21  Drone  
  18  1:27  Drone  
  19  1:38  Drone  
  20  1:49  Drone  
  21  2:02  Queen x2  
  21  2:03  Zergling x4  
  27  2:16  Hatchery  
  27  2:21  Overlord  
  26  2:24  Drone  
  26  2:27  Drone  
  28  2:33  Metabolic Boost  
  28  2:40  Drone  
  28  2:41  Drone x2  
  28  2:43  Drone  
  32  2:50  Overlord  
  32  2:56  Queen  
  34  2:59  Drone  
  34  3:01  Drone  
  36  3:09  Drone x2  
  38  3:15  Overlord, Drone x2  
  38  3:18  Drone  
  41  3:22  Drone  
  42  3:28  Queen  
  42  3:29  Drone x2  
  42  3:31  Drone  
  47  3:38  Queen  
  47  3:39  Drone  
  51  3:41  Drone  
  51  3:45  Drone  
  51  3:46  Overlord  
  52  3:49  Zergling x6  
  52  3:53  Drone  
  55  3:57  Overlord  
  55  4:00  Drone x2  
  57  4:06  Overlord x2  
  57  4:16  Drone x3  
  60  4:18  Drone  
  60  4:21  Lair  
  60  4:22  Drone  
  60  4:23  Spore Crawler  
  60  4:24  Spore Crawler  
  60  4:25  Spore Crawler, Drone x3  
  60  4:28  Zergling x2  
  60  4:29  Zergling x2  
  64  4:33  Zergling x2  
  64  4:34  Zergling x2  
  64  4:36  Drone  
  64  4:37  Drone x2  
  69  4:39  Drone  
  69  4:43  Drone x2  
  69  4:44  Drone x3  
  75  4:50  Queen  
  77  4:53  Extractor  
  77  4:57  Drone  
  77  4:58  Drone x2  
  78  5:01  Drone x2  
  78  5:03  Drone  
  78  5:05  Drone  
  82  5:11  Drone x3  
  82  5:13  Drone  
  81  5:17  Overlord  
  81  5:18  Extractor  
  80  5:21  Spire  
  80  5:22  Drone x2  
  80  5:23  Overlord, Extractor, Roach Warren  
  80  5:24  Extractor, Drone  
  80  5:25  Drone  
  80  5:32  Spore Crawler, Extractor  
  80  5:34  Spore Crawler  
  80  5:35  Queen x2  
  81  5:36  Spore Crawler  
  81  5:38  Drone  
  81  5:39  Drone x2  
  81  5:42  Drone x2  
  85  5:44  Overlord  
  85  5:46  Drone x2  
  85  5:51  Drone  
  85  5:52  Drone  
  84  6:00  Overlord  
  83  6:09  Drone  
  84  6:12  Overlord x2  
  84  6:17  Hatchery  
  81  6:29  Drone  
  81  6:30  Drone  
  80  6:35  Zergling x20  
  80  6:50  Corruptor x6  
  80  6:53  Drone  
  87  6:56  Drone x2  
  87  6:57  Drone  
  87  6:58  Drone x2  
  92  7:02  Drone  
  92  7:06  Drone  
  94  7:14  Corruptor x2  
  98  7:17  Overlord  
  98  7:23  Corruptor x2  
  102  7:31  Zerg Flyer Armor Level 1  
  102  7:35  Drone x6  
  109  7:37  Drone  
  109  7:41  Evolution Chamber, Drone  
  109  7:42  Evolution Chamber  
  105  7:44  Drone x2  
  105  7:46  Drone  
  105  7:48  Drone x2  
  104  7:55  Corruptor x2  
  104  8:08  Drone x2  
  104  8:10  Drone  
  104  8:11  Drone  
  108  8:17  Drone  
  108  8:19  Infestation Pit, Roach x7  
  122  8:29  Glial Reconstitution, Zerg Missile Weapons Level 1, Zerg Ground Armor Level 1  
  122  8:31  Roach x3  
  128  8:39  Overlord  
  128  8:40  Overlord  
  128  8:44  Roach x4  
  136  8:54  Overlord x2  
  135  8:58  Corruptor x4  
  135  9:01  Corruptor  
  145  9:05  Corruptor  
  147  9:10  Corruptor x2  
  147  9:16  Corruptor  
  151  9:21  Corruptor  
  155  9:26  Extractor  
  155  9:27  Extractor, Drone x4  
  157  9:35  Ravager x3, Hatchery  
  157  9:37  Zergling x10  
  164  9:38  Overlord  
  164  9:45  Ravager x2  
  166  9:47  Overlord  
  166  9:51  Roach  
  168  9:53  Overlord  
  165  10:00  Drone x3  
  165  10:04  Roach  
  165  10:05  Roach x6  
  165  10:06  Corruptor  
  173  10:07  Corruptor  
  173  10:12  Roach  
  173  10:13  Roach  
  171  10:22  Drone x2  
  171  10:25  Roach  
  171  10:26  Roach x2  
  171  10:27  Drone x2  
  174  10:33  Drone x2  
  173  10:35  Roach  
  173  10:40  Drone x3  
  179  11:12  Ravager x4  
Show
View Real Time Build Order
Export as new Build Order

CmeTanKa Terran 

Build Orders: Gas First Reaper Expand 

Get SALT Encoding   

  12  0:01  SCV  
  13  0:13  SCV  
  14  0:18  Supply Depot  
  14  0:25  SCV  
  15  0:29  Refinery  
  15  0:39  SCV  
  16  0:46  Barracks  
  16  0:51  SCV  
  17  1:03  SCV  
  18  1:16  SCV  
  19  1:33  Orbital Command  
  19  1:34  Reaper  
  20  1:50  Command Center  
  20  2:01  Factory  
  20  2:05  SCV  
  21  2:09  Barracks Reactor  
  21  2:16  Supply Depot  
  21  2:17  SCV  
  21  2:22  Refinery  
  22  2:29  SCV  
  23  2:41  SCV  
  24  2:50  Starport  
  23  2:53  SCV  
  23  2:56  Hellion x2, Marine  
  29  3:04  Orbital Command  
  29  3:10  SCV  
  30  3:17  Barracks Tech Lab  
  30  3:18  Hellion  
  32  3:25  SCV  
  32  3:26  Viking  
  35  3:36  Fusion Core  
  35  3:39  SCV  
  36  3:41  Refinery  
  36  3:42  SCV  
  36  3:45  Hellion  
  39  4:01  SCV x2  
  41  4:08  Supply Depot  
  41  4:17  SCV  
  42  4:20  Refinery  
  42  4:21  Starport  
  42  4:28  Hellion x2  
  42  4:30  SCV  
  42  4:31  Supply Depot  
  47  4:34  Weapon Refit  
  47  4:41  SCV  
  48  4:55  Battlecruiser  
  48  5:14  SCV x2  
  48  5:15  Starport Tech Lab  
  48  5:18  Hellion x2  
  52  5:26  SCV x2  
  54  5:34  Battlecruiser  
  60  5:38  SCV  
  60  5:42  Armory  
  61  5:45  Supply Depot  
  61  6:07  Hellion x2  
  61  6:09  SCV  
  64  6:16  Battlecruiser  
  70  6:57  SCV  
  70  6:58  Hellion  
  70  6:59  Hellion, Battlecruiser  
  67  7:04  SCV  
  66  7:10  Terran Vehicle And Ship Armor Level 1  
  66  7:12  SCV  
  66  7:13  Factory  
  66  7:14  Factory  
  66  7:15  Engineering Bay, Command Center  
  65  7:17  Supply Depot  
  65  7:20  Hellion  
  67  7:22  SCV  
  67  7:28  Hellion  
  69  7:38  Battlecruiser  
  75  7:51  SCV  
  76  7:52  Missile Turret  
  76  7:55  Hellion, Missile Turret  
  76  7:56  Missile Turret  
  76  7:58  Factory Tech Lab x2  
  78  8:11  Hellion  
  74  8:15  SCV x2  
  76  8:26  Orbital Command  
  76  8:27  SCV x2  
  76  8:28  Infernal Pre-Igniter, Hellion x2  
  82  8:34  Factory  
  82  8:35  Missile Turret, Factory  
  82  8:36  Missile Turret  
  82  8:39  SCV  
  83  8:51  Orbital Command  
  83  8:57  SCV  
  84  9:03  Siege Tank x2  
  84  9:05  Hellion  
  92  9:25  Factory Reactor, Factory Tech Lab  
  92  9:28  SCV, Starport Reactor  
  92  9:29  Refinery  
  93  9:43  Supply Depot  
  93  9:44  Supply Depot  
  93  9:45  Supply Depot x3  
  93  9:47  Supply Depot  
  93  9:57  SCV  
  93  9:59  SCV x2  
  92  10:00  Hellion, Starport Reactor  
  92  10:01  Hellion  
  92  10:07  Siege Tank  
  92  10:08  Siege Tank  
  92  10:11  Siege Tank  
  91  10:16  Orbital Command  
  91  10:20  Hellion x2  
  89  10:22  Hellion  
  83  10:32  Hellion  
  83  10:39  Siege Tank  
  83  10:40  Siege Tank  
  87  10:43  Siege Tank  
  90  10:55  SCV x3  
Tags
 
Add a new tag
Caveats
  • Supply blocks, unpowered buildings, or Contaminate may cause inaccurate times.
  • Supply counts are checked every 10 seconds.